AoeStats
← Trentino

Arena

508620974Analyzed
1v1 RM · 10d ago on Sep 23, 2026· 41m 37s· 2 players
Game mode
Random Map
Map size
Tiny (2 player)
Population
200
Speed
Normal
Resources
Standard
Victory
Conquest
Starting age
Dark Age
Ending age
Imperial Age
RankedLock teamsTeams togetherTeam positionsShared explorationLock speedFull tech treeHidden civsTurbo modeCheats
Victory
Defeat
🇦🇷 Italians · Argentina
736
+15
🇳🇱 Turks · Netherlands
705
-15
Ceylan015472
11:01 Feudal Age
13:08 Double-Bit Axe
18:15 Castle Age
17:07 Horse Collar
19:12 Bloodlines
19:04 Gold Mining
19:08 Stone Mining
21:07 Husbandry
23:11 Loom
23:15 Town Watch
26:36 Gold Mining
26:50 Heavy Plow
27:32 Bow Saw
28:46 Wheelbarrow
29:34 Padded Archer Armor
30:37 Forging
33:03 Iron Casting
35:29 Imperial Age
33:45 Town Patrol
35:01 Hand Cart
34:31 Loom
37:31 Artillery
39:57 Artillery
41:29 Blast Furnace
Trentino
10:07 Feudal Age
8:24 Loom
15:52 Castle Age
14:52 Fletching
16:50 Padded Archer Armor
20:06 Crossbowman
22:33 Bodkin Arrow
24:03 Wheelbarrow
26:50 Double-Bit Axe
27:03 Gold Mining
31:08 Imperial Age
29:53 Leather Archer Armor
31:24 Thumb Ring
32:26 Ring Archer Armor
31:48 Town Watch
32:45 Ballistics
33:07 Hand Cart
33:00 Bracer
36:18 Hand Cart
37:41 Chemistry
37:34 Heated Shot
39:42 Arbalester
Connection lost

Rejoining the realm…

Still unreachable

The connection could not be restored.

Session expired

The server has moved on; the page needs a fresh start.